 Dungeon Crawl Stone Soup version 0.31-a0-596-g831eee08f1 (webtiles) character file.

Game seed: 12810171172195839973

7 Babbit the Conjurer (level 2, 0/15 HPs)
             Began as a Kobold Conjurer on Aug 20, 2023.
             Killed from afar by a dart slug (2 damage)
             ... with a slug dart
             ... on level 1 of the Dungeon.
             The game lasted 00:02:51 (291 turns).

Babbit the Conjurer (Kobold Conjurer)                Turns: 291, Time: 00:02:51

Health: 0/15       AC:  2    Str:  4    XL:     2   Next: 5%
Magic:  0/5        EV: 14    Int: 19    God:
Gold:   64         SH:  0    Dex: 13    Spells: 4/5 levels left

rFire   . . .        (weapon restricted)
rCold   . . .        (no shield)
rNeg    . . .        a - +0 robe
rPois   .            (no helmet)
rElec   .            (no cloak)
rCorr   .            (no gloves)
SInv    .            (no boots)
Will    .....        (no amulet)
Stlth   +++          c - ring of flight
HPRegen 0.22/turn    (no ring)
MPRegen 0.09/turn

%: no passive effects
@: flying
A: small, no large weapons, nightstalker 3
a: no special abilities


You were on level 1 of the Dungeon.
You visited 1 branch of the dungeon, and saw 1 of its levels.

You collected 64 gold pieces.

Inventory:

Armour
 a - a +0 robe (worn)
Jewellery
 c - a ring of flight (left hand)
Potions
 b - a potion of magic
 d - a potion of curing {unknown}


   Skills:
 + Level 2.7 Dodging
 + Level 2.7 Stealth
 + Level 2.2 Spellcasting
 + Level 4.2 Conjurations


You had 4 spell levels left.
You knew the following spells:

 Your Spells              Type           Power      Damage    Failure   Level
a - Magic Dart            Conj           72%        1d6       3%          1

Your spell library contained the following spells:

 Spells                   Type           Power      Damage    Failure   Level
 Searing Ray              Conj           36%        2d5       4%          2
 Dazzling Flash           Conj/Hex       20%        N/A       21%         3
 Fulminant Prism          Conj/Hex       5%         3d7       56%         4
 Iskenderun's Mystic Bla  Conj/Tloc      10%        2d4       56%         4


Dungeon Overview and Level Annotations

Branches:
Dungeon (1/15)

Altars:


Innate Abilities, Weirdness & Mutations

You are small and have problems with some larger weapons.
You are completely attuned to the shadows.


Message History

Aim: a giant cockroach (100% to hit)
The magic dart hits the giant cockroach but does no damage.
The bat misses you. The giant cockroach bites you.
You hit the giant cockroach.
The giant cockroach is moderately wounded.
The bat closely misses you.
The giant cockroach bites you but does no damage.
You hit the giant cockroach.
The giant cockroach is heavily wounded.
The bat hits you but does no damage.
The giant cockroach bites you but does no damage.
The dart slug launches a dart at you. The slug dart hits you.
The bat hits you but does no damage.
You closely miss the giant cockroach.
The giant cockroach is heavily wounded.
The bat closely misses you. The bat barely misses you.
The giant cockroach barely misses you. The dart slug launches a dart at you.
The slug dart misses you.
You barely miss the giant cockroach.
The giant cockroach is moderately wounded.
The bat hits you.
* * * LOW HITPOINT WARNING * * *
The giant cockroach bites you.
* * * LOW HITPOINT WARNING * * *
The bat hits you but does no damage. The giant cockroach closely misses you.
Unknown command.
You hit the giant cockroach but do no damage.
The giant cockroach is moderately wounded.
The bat misses you. The dart slug launches a dart at you.
The slug dart hits you.
* * * LOW HITPOINT WARNING * * *
The bat closely misses you. The giant cockroach closely misses you.
You closely miss the giant cockroach.
The giant cockroach is moderately wounded.
The giant cockroach barely misses you. The dart slug launches a dart at you.
The slug dart hits you.
You die...

#.. .#..
#.......#....##
#.............#
#..#.......w..#
#....#.#.##.).#
.###.#.....B@b..#
..#...#.#...$#.#
#.#...#.###### #
#.#...#.#
#####.....#.#
#........##.#
#..(.....#
#........#
#.........


You could see a dart slug, a giant cockroach and a bat.

Vanquished Creatures
  2 goblins (D:1)
  A hobgoblin (D:1)
  2 ball pythons (D:1)
  2 kobolds (D:1)
7 creatures vanquished.

Notes
Turn   | Place    | Note
-------+----------+-------------------------------------------
     0 | D:1      | Babbit the Kobold Conjurer began the quest for the Orb.
     0 | D:1      | Reached XP level 1. HP: 10/10 MP: 3/3
   277 | D:1      | Reached XP level 2. HP: 15/15 MP: 0/5
   291 | D:1      | Killed from afar by a dart slug

Illustrated notes

Levels and vault maps discovered:
D:1:      eino_arrival_druids_welcome, layout_basic, st_stairs_10

Action                     || total
---------------------------++-------
  Melee: Unarmed           ||    23
   Cast: Magic Dart        ||    14
 Armour: Robe              ||     5
  Dodge: Dodged            ||    27

Table legend: (Time is in decaauts)
 A = Elapsed time spent in this place.
 B = Non-inter-level travel time spent in this place.
 C = Inter-level travel time spent in this place.
 D = Time resting spent in this place.
 E = Time spent auto-exploring this place.
 F = Levels seen in this place.
 G = Mean time per level.
                   A        B        C        D        E       F      G
               +--------+--------+--------+--------+--------+-----+--------+
         Total |    290 |    290 |      0 |     60 |    177 |   1 |  290.0 |
       Dungeon |    290 |    290 |      0 |     60 |    177 |   1 |  290.0 |
               +--------+--------+--------+--------+--------+-----+--------+

Top non-repeatable levels by time:
     D:1: 290 daAuts
